 Dungeon Crawl Stone Soup version 0.31-a0-521-gc7390f8997 (webtiles) character file.

Game seed: 7677475904356467988

94 pokeman the Magician (level 4, -1/25 HPs)
             Began as a Deep Elf Hedge Wizard on Aug 11, 2023.
             Slain by Ijyb
             ... wielding a +8 club
              (12 damage)
             ... on level 3 of the Dungeon.
             The game lasted 00:03:58 (3462 turns).

pokeman the Magician (Deep Elf Hedge Wizard)        Turns: 3462, Time: 00:03:58

Health: -1/25      AC:  2    Str:  7    XL:     4   Next: 38%
Magic:  4/13       EV: 12    Int: 21    God:
Gold:   64         SH:  0    Dex: 14    Spells: 6/14 levels left

rFire   + . .        a - +0 dagger
rCold   . . .        (no shield)
rNeg    . . .        b - +0 robe
rPois   .            c - +0 hat
rElec   .            (no cloak)
rCorr   .            (no gloves)
SInv    .            (no boots)
Will    .....        (no amulet)
Stlth   ++           m - ring of protection from fire
HPRegen 0.24/turn    (no ring)
MPRegen 0.13/turn

%: no passive effects
@: no status effects
A: no striking features
a: no special abilities


You were on level 3 of the Dungeon.
You visited 1 branch of the dungeon, and saw 3 of its levels.

You collected 64 gold pieces.

Inventory:

Hand Weapons
 a - a +0 dagger (weapon)
Armour
 b - a +0 robe (worn)
 c - a +0 hat (worn)
 y - an orb of energy
Magical Staves
 w - a staff of fire
Jewellery
 m - a ring of protection from fire (left hand)
Scrolls
 e - 2 scrolls of revelation {unknown}
 f - 2 scrolls of identify {unknown}
 h - a scroll of blinking {unknown}
 j - 2 scrolls of amnesia {unknown}
 q - a scroll of teleportation {unknown}
 r - a scroll of enchant weapon {unknown}
 t - a scroll of vulnerability {unknown}
 u - 3 scrolls of torment {unknown}
 v - 2 scrolls of brand weapon {unknown}
 x - 2 scrolls of enchant armour {unknown}
Potions
 d - 2 potions of magic
 g - a potion of enlightenment {unknown}
 i - a potion of degeneration {unknown}
 k - 2 potions of curing {unknown}
 l - 2 potions of brilliance {unknown}
 n - a potion of attraction {unknown}
 o - a potion of ambrosia {unknown}
 p - a potion of cancellation {unknown}
 s - a potion of lignification {unknown}


   Skills:
 - Level 1.0 Fighting
 - Level 1.0 Armour
 + Level 2.7 Dodging
 + Level 2.8 Stealth
 * Level 5.6 Spellcasting
 + Level 2.2 Conjurations
 - Level 1.1 Summonings
 - Level 1.1 Translocations


You had 6 spell levels left.
You knew the following spells:

 Your Spells              Type           Power      Damage    Failure   Level
a - Magic Dart            Conj           60%        1d6       4%          1
b - Mephitic Cloud        Conj/Pois/Air  9%         N/A       22%         3
c - Call Imp              Summ           20%        N/A       10%         2
d - Blink                 Tloc           20%        N/A       10%         2

Your spell library contained the following spells:

 Spells                   Type           Power      Damage    Failure   Level
 Slow                     Hex            20%        N/A       11%         1
 Sting                    Tmut/Pois      20%        1d4       11%         1
 Cigotuvi's Dreadful Rot  Necr/Pois/Air  10%        N/A       16%         2
 Poisonous Vapours        Pois/Air       10%        N/A       16%         2
 Ignite Poison            Fire/Tmut/Pois 5%         N/A       30%         3
 Olgreb's Toxic Radiance  Pois           5%         N/A       71%         4
 Freezing Cloud           Conj/Ice/Air   4%         6-21      91%         5


Dungeon Overview and Level Annotations

Branches:
Dungeon (3/15)

Altars:

Shops:
D:3 ?

Annotations:
D:3 Ijyb


Message History

Ijyb hits you with a +8 club.
* * * LOW HITPOINT WARNING * * *
Casting: Call Imp (safe; 10% risk of failure)
Confirm with . or Enter, or press ? or * to list all spells.
Aiming: Mephitic Cloud (extremely dangerous; 22% risk of failure)
Press: ? - help, Shift-Dir - straight line, f/p - Ijyb
Aim: Ijyb, wielding a +8 club, wearing a +0 leather armour and carrying a wand of paralysis (heavily wounded, ally target, chance to affect: 86%)
The ball explodes into a vile cloud!
The stinking cloud engulfs Ijyb but does no damage.
Ijyb is heavily wounded.
The stinking cloud engulfs you but does no damage.
You are engulfed in noxious fumes.
You choke on the stench!
You are confused.
Your cerulean imp hits Ijyb from afar with a -3 spear.
Ijyb is engulfed in noxious fumes.
Ijyb appears confused.
Unknown command.
Unknown command.
You are engulfed in noxious fumes.
You choke on the stench!
You are more confused.
Ijyb is engulfed in noxious fumes.
Ijyb appears confused.
Your cerulean imp barely misses Ijyb.
Ijyb screams at your cerulean imp, "Me still stronger!
You very nasty!"
You feel less confused.
Your cerulean imp completely misses Ijyb.
Your cerulean imp hits Ijyb but does no damage.
Your cerulean imp hits Ijyb but does no damage.
Ijyb cowers and screams, "My head!
Aaaah!
Get out now!"
Your cerulean imp barely misses Ijyb.
Ijyb hits your cerulean imp with a +8 club!
You hit Ijyb but do no damage.
Ijyb is severely wounded.
Your cerulean imp hits Ijyb but does no damage.
Your cerulean imp hits Ijyb with a -3 spear.
You hit Ijyb but do no damage.
Ijyb is severely wounded.
Your cerulean imp hits Ijyb but does no damage.
Your cerulean imp disappears in a puff of smoke!
Ijyb screams, "Me be nice to you!
Me promise!"
Ijyb hits you with a +8 club!
You die...

.###....#
.###..################
###...# #............#
#...## #.........!..#
##..#####............#
...#....#.........∩..#
####.##.#............#
# #.##†#............#
####.##.#.......@....#
.....##.#......g.....#
#####......†.........#
### #.............§..#
..# #.........)......#
..# #..).............#
..# #................#
..# #................#
..# #....#########.###


You could see Ijyb (confused).

Vanquished Creatures
  2 adders
  A gnoll (D:1)
  A worm (D:2)
  A dart slug (D:1)
  An orc (D:3)
  7 endoplasms
  2 giant cockroaches
  7 goblins
  8 hobgoblins
  3 quokkas
  6 ball pythons
  5 bats
  4 frilled lizards
  7 kobolds
  3 rats (D:3)
58 creatures vanquished.

Notes
Turn   | Place    | Note
-------+----------+-------------------------------------------
     0 | D:1      | pokeman the Deep Elf Hedge Wizard began the quest for the
                  | Orb.
     0 | D:1      | Reached XP level 1. HP: 10/10 MP: 7/7
   371 | D:1      | Reached XP level 2. HP: 16/16 MP: 6/9
   910 | D:1      | Reached skill level 5 in Spellcasting
   910 | D:1      | Reached XP level 3. HP: 20/20 MP: 3/11
   916 | D:1      | Learned a level 3 spell: Mephitic Cloud
   919 | D:1      | Learned a level 2 spell: Call Imp
   922 | D:1      | Learned a level 2 spell: Blink
  1189 | D:1      | You fall into a shaft and drop 1 floor!
  1231 | D:2      | Found a faded altar of an unknown god.
  1835 | D:1      | Reached skill level 1 in Fighting
  2198 | D:2      | Reached skill level 1 in Armour
  2733 | D:2      | Reached XP level 4. HP: 20/25 MP: 7/13
  3429 | D:3      | Found Iqiajoj's Magic Scroll Boutique.
  3430 | D:3      | Noticed Ijyb
  3432 | D:3      | Paralysed by Ijyb for 5 turns
  3462 | D:3      | Slain by Ijyb

Illustrated notes

Levels and vault maps discovered:
D:1:      minmay_arrival_checkered_box, layout_basic, glass_columns_b
D:2:      layout_loops_corners, ebering_ecumenical_altar_petrified
D:3:      layout_basic, serial_shops, shop, uniq_ijyb

Skill      XL: |  1  2  3 |
---------------+----------+-----
Spellcasting   | 5 |  5.6
Fighting       | 1 |  1.0
Armour         | 1 |  1.0
Conjurations   | 2 |  2.2
Dodging        | |  2.7
Stealth        | |  2.8
Summonings     | |  1.1
Translocations | |  1.1

Action                     |  1- 3 |  4- 6 || total
---------------------------+-------+-------++-------
  Melee: Dagger            |     7 |     8 ||    15
   Cast: Magic Dart        |   116 |    37 ||   153
         Mephitic Cloud    |     1 |     2 ||     3
         Call Imp          |     1 |     1 ||     2
 Armour: Robe              |    10 |       ||    10
  Dodge: Dodged            |    21 |     1 ||    22

Table legend: (Time is in decaauts)
 A = Elapsed time spent in this place.
 B = Non-inter-level travel time spent in this place.
 C = Inter-level travel time spent in this place.
 D = Time resting spent in this place.
 E = Time spent auto-exploring this place.
 F = Levels seen in this place.
 G = Mean time per level.
                   A        B        C        D        E       F      G
               +--------+--------+--------+--------+--------+-----+--------+
         Total |   3460 |   3448 |     12 |      0 |   3101 |   3 | 1153.3 |
       Dungeon |   3460 |   3448 |     12 |      0 |   3101 |   3 | 1153.3 |
               +--------+--------+--------+--------+--------+-----+--------+

Top non-repeatable levels by time:
     D:1: 1592 daAuts
     D:2: 1202 daAuts
     D:3: 665 daAuts
